 Dungeon Crawl Stone Soup version 0.30-a0-385-gfebfb9b408 (webtiles) character file.

Game seed: 1823659503458463828

338 NinjaNoafa the Covered (level 6, -3/56 HPs)
             Began as a Minotaur Fighter on Dec 2, 2022.
             Splashed by a jelly's acid (9 damage)
             ... on level 4 of the Dungeon.
             The game lasted 00:06:53 (2225 turns).

NinjaNoafa the Covered (Minotaur Fighter)           Turns: 2225, Time: 00:06:54

Health: -3/56      AC:  1    Str: 23    XL:     6   Next: 29%
Magic:  5/5        EV:  7    Int:  5    God:
Gold:   186        SH:  9    Dex:  9    Spells: 5/5 levels left

rFire   . . .      SeeInvis .    a - +0 war axe
rCold   . . .      Faith    .    c - +0 buckler
rNeg    . . .      Spirit   .    j - +0 chain mail
rPois   .          Reflect  +    (helmet restricted)
rElec   .          Harm     .    (no cloak)
rCorr   .          Rampage  .    (no gloves)
Will    .....                    (no boots)
Stlth   ..........               w - amulet of reflection
HPRegen 0.29/turn                (no ring)
MPRegen 0.09/turn                (no ring)

@: corroded
A: horns 2, retaliatory headbutt
a: no special abilities


You were on level 4 of the Dungeon.
You visited 1 branch of the dungeon, and saw 4 of its levels.

You collected 186 gold pieces.

Inventory:

Hand Weapons
 a - a +0 war axe (weapon)
Missiles
 g - 19 poisoned darts (quivered)
 h - 25 stones
Armour
 c - a +0 buckler (worn)
 j - a +0 chain mail (worn)
Jewellery
 w - an amulet of reflection (around neck)
Wands
 o - a wand of flame (27)
 p - a wand of paralysis (8)
Scrolls
 b - a scroll of vulnerability {unknown}
 e - 3 scrolls of enchant weapon {unknown}
 f - 3 scrolls of butterflies {unknown}
 i - 6 scrolls of identify {unknown}
 m - 2 scrolls of teleportation {unknown}
 r - 2 scrolls of amnesia {unknown}
 s - 2 scrolls of brand weapon {unknown}
 x - a scroll of silence {unknown}
Potions
 d - a potion of might
 k - a potion of flight {unknown}
 l - a potion of heal wounds
 n - 2 potions of degeneration {unknown}
 q - a potion of ambrosia {unknown}
 t - 2 potions of attraction {unknown}
 u - a potion of haste {unknown}
 v - a potion of lignification {unknown}


   Skills:
 + Level 5.2 Fighting
 + Level 4.4 Axes
 + Level 5.3 Armour
 + Level 5.3 Shields


You had 5 spell levels left.
You didn't know any spells.
Your spell library contained the following spells:

 Spells                   Type           Power      Damage    Failure   Level
 Shock                    Conj/Air       0%         1d3       99%         1
 Swiftness                Air            0%         N/A       100%        3
 Airstrike                Air            0%         2d(0-16)  100%        4


Dungeon Overview and Level Annotations

Branches:
Dungeon (4/15)
 Temple: D:4-7

Altars:
Xom
Yredelemnul
The Shining One


Innate Abilities, Weirdness & Mutations

You have a pair of horns on your head.
You reflexively headbutt those who attack you in melee.


Message History

The jelly is lightly wounded.
The jelly hits you but does no damage.
You slash the jelly! The acid corrodes you!
Your hands burn!
The jelly is heavily wounded.
You hit the iguana but do no damage.
The iguana bites you but does no damage.
The jelly hits you.
You are splashed with acid!
The jelly hits you. The acid corrodes you!
You are splashed with acid!
The iguana barely misses you. You furiously retaliate!
You headbutt the iguana. You hit the jelly but do no damage.
Your hands burn!
The jelly is heavily wounded.
You barely miss the iguana. You block the jelly's attack.
The iguana hisses menacingly.
You block the iguana's attack.
You are too injured to fight recklessly!
You are too injured to fight recklessly!
You are too injured to fight recklessly!
You hit the jelly but do no damage.
Your hands burn!
The jelly is heavily wounded.
You closely miss the iguana. You block the iguana's attack. The jelly hits you.
You are splashed with acid.
* * * LOW HITPOINT WARNING * * *
The iguana attacks as you move away! The iguana bites you.
* * * LOW HITPOINT WARNING * * *
It was a potion of heal wounds.
You feel much better. The iguana closely misses you.
The jelly closely misses you. You furiously retaliate!
You headbutt the jelly, but do no damage.
You hit the jelly.
Your hands burn!
The jelly is severely wounded.
You closely miss the iguana. The jelly closely misses you.
The iguana bites you!
You hit the jelly but do no damage.
Your hands burn!
You headbutt the jelly.
The jelly is severely wounded.
You closely miss the iguana. The iguana bites you!
* * * LOW HITPOINT WARNING * * *
The jelly closely misses you. The jelly hits you.
* * * LOW HITPOINT WARNING * * *
You are splashed with acid!
You die...

####### ###########
.......#######...##....####
.........J@......##........
.........l.................
.#####........##...........
#........##...##....[.
...............+.......
###.........#...##......
#.........#...##......
..........#....##.####
..........#....##'####


You could see an iguana and a jelly.

Vanquished Creatures
  A human (D:3)
  A scorpion (D:4)
  An orc priest (D:3)
  An adder (D:2)
  4 worms
  4 dart slugs
  3 orcs (D:3)
  5 ball pythons
  9 endoplasms
  8 goblins
  4 hobgoblins
  3 jackals (D:1)
  5 quokkas
  3 bats
  2 frilled lizards
  A goblin skeleton (D:3)
  9 kobolds
  6 rats
70 creatures vanquished.

Notes
Turn   | Place    | Note
-------+----------+-------------------------------------------
     0 | D:1      | NinjaNoafa the Minotaur Fighter began the quest for the
                  | Orb.
     0 | D:1      | Reached XP level 1. HP: 19/19 MP: 0/0
   192 | D:1      | Reached XP level 2. HP: 24/27 MP: 1/1
   305 | D:1      | Reached XP level 3. HP: 24/33 MP: 2/2
   924 | D:2      | Reached XP level 4. HP: 38/40 MP: 3/3
  1343 | D:3      | Found a shimmering altar of Xom.
  1744 | D:3      | Found a runed translucent door.
  1744 | D:3      | Noticed a human
  1752 | D:3      | Found a basalt altar of Yredelemnul.
  1768 | D:3      | Killed a human
  1769 | D:3      | Reached skill level 5 in Fighting
  1769 | D:3      | Reached skill level 5 in Armour
  1769 | D:3      | Reached skill level 5 in Shields
  1769 | D:3      | Reached XP level 5. HP: 23/48 MP: 4/4
  1769 | D:3      | Reached XP level 6. HP: 27/56 MP: 5/5
  2057 | D:4      | Found a glowing golden altar of the Shining One.
  2225 | D:4      | Splashed by a jelly's acid

Illustrated notes

Levels and vault maps discovered:
D:1:      dpeg_arrival_more_subterranean_lakeside_camping, layout_rooms
D:2:      layout_basic, minmay_puff
D:3:      layout_rooms, dk_yredelemnul_ordeal, xom_teletrap_fun,
          dk_noncrumbling_2
D:4:      cheibrodos_barr_body, layout_basic, nicolae_overflow_hidden_temple,
          kennysheep_mini_moat

Skill      XL: |  1  2  3  4 |
---------------+-------------+-----
Armour         | 4 5 |  5.3
Shields        | 4 5 |  5.3
Fighting       | 4 5 |  5.2
Axes           | 3 4 |  4.4

Action                   |  1- 3 |  4- 6 || total
-------------------------+-------+-------++-------
Melee: War axe           |    86 |    73 ||   159
       Headbutt          |     9 |    10 ||    19
Throw: Dart              |       |     3 ||     3
  Use: Potion            |       |     1 ||     1
Armor: Chain mail        |    42 |    44 ||    86
       Scale mail        |     2 |       ||     2
Dodge: Dodged            |    48 |    24 ||    72
Block: Buckler           |    21 |    19 ||    40

Table legend: (Time is in decaauts)
 A = Elapsed time spent in this place.
 B = Non-inter-level travel time spent in this place.
 C = Inter-level travel time spent in this place.
 D = Time resting spent in this place.
 E = Time spent auto-exploring this place.
 F = Levels seen in this place.
 G = Mean time per level.
                   A        B        C        D        E       F      G
               +--------+--------+--------+--------+--------+-----+--------+
         Total |   2285 |   2258 |     27 |      0 |   1673 |   4 |  571.2 |
       Dungeon |   2285 |   2258 |     27 |      0 |   1673 |   4 |  571.2 |
               +--------+--------+--------+--------+--------+-----+--------+

Top non-repeatable levels by time:
     D:3: 771 daAuts
     D:2: 710 daAuts
     D:1: 630 daAuts
     D:4: 173 daAuts
